 Dungeon Crawl Stone Soup version 0.22-a0-388-g09e6169 (webtiles) character file.

24 khargal the Slasher (level 2, -3/19 HPs)
             Began as a Demonspawn Gladiator on Apr 29, 2018.
             Killed by nerve-wracking pain
             ... invoked by Jessica
              (9 damage)
             ... on level 2 of the Dungeon.
             The game lasted 00:01:41 (1330 turns).

khargal the Slasher (Demonspawn Gladiator)          Turns: 1330, Time: 00:01:42

Health: -3/19      AC:  9    Str: 14    XL:     2   Next: 79%
Magic:  1/1        EV: 12    Int:  9    God:
Gold:   59         SH:  0    Dex: 14    Spells: 1/1 levels left

rFire    . . .     SeeInvis .   a - +0 long sword
rCold    + . .     Gourm    .   (no shield)
rNeg     . . .     Faith    .   k - +0 ring mail
rPois    .         Spirit   .   c - +0 helmet
rElec    .         Reflect  .   (no cloak)
rCorr    .         Harm     .   (no gloves)
MR       .....                  i - +2 pair of boots
Stlth    +.........             (no amulet)
HPRegen  0.06/turn              (no ring)
MPRegen  0.07/turn              (no ring)

@: no status effects
A: talons 1, cold resistance 1, frail 1, low mp 1
a: no special abilities


You were on level 2 of the Dungeon.
You were not hungry.

You visited 1 branch of the dungeon, and saw 2 of its levels.

You collected 59 gold pieces.

Inventory:

Hand Weapons
 a - a +0 long sword (weapon)
Missiles
 d - 3 throwing nets (quivered)
Armour
 c - a +0 helmet (worn)
 i - a +2 pair of boots (worn)
 k - a +0 ring mail (worn)
Scrolls
 g - a scroll of enchant weapon {unknown}
Potions
 h - a potion of curing
 j - a potion of agility {unknown}
Comestibles
 f - 3 rations


   Skills:
 + Level 2.0 Fighting
 + Level 3.2 Long Blades
 + Level 2.0 Throwing
 + Level 3.1 Dodging


You had one spell level left.
You didn't know any spells.

Dungeon Overview and Level Annotations

Branches:
Dungeon (2/15)

Altars:
Zin

Shops:
D:2 *

Annotations:
D:2 Jessica


Innate Abilities, Weirdness & Mutations

You have sharp toenails.
Your flesh is cold resistant. (rC+)
You are frail. (-10% HP)
Your magical capacity is low. (-10% MP)


Message History

Jessica gestures at you while chanting. Pain shoots through your body!
Ouch! That really hurt!
* * * LOW HITPOINT WARNING * * *
You are too injured to fight recklessly!
You are too injured to fight recklessly!
You are too injured to fight recklessly!
Unknown command.
You are too injured to fight recklessly!
You hit Jessica.
Jessica is lightly wounded.
Jessica barely misses you.
Your ring mail prevents you from hitting Jessica.
Jessica is lightly wounded.
Jessica closely misses you.
You hit Jessica but do no damage.
Jessica is lightly wounded.
Jessica casts a spell at you. Pain shoots through your body!
You die...

# #. #.###
# #.@@#.#
#.#.#.#
##...#
##.## #.# #
####.##...#
#.......#
#.#####...#
####.# ###


You could see Jessica.

Vanquished Creatures
  An ooze (D:1)
  A leopard gecko (D:1)
  2 ball pythons (D:1)
  A giant cockroach (D:2)
  A goblin (D:1)
  5 hobgoblins (D:1)
  A kobold (D:1)
  2 bats
  A frilled lizard (D:1)
  2 rats (D:1)
17 creatures vanquished.

Notes
Turn   | Place    | Note
-------+----------+-------------------------------------------
     0 | D:1      | khargal the Demonspawn Gladiator began the quest for the Orb.
     0 | D:1      | Reached XP level 1. HP: 16/16 MP: 1/1
   378 | D:1      | Gained mutation: You have sharp toenails. [demonic ancestry]
   378 | D:1      | Reached XP level 2. HP: 13/22 MP: 2/2
  1186 | D:2      | Gained mutation: You are frail. (-10% HP) [potion of mutation]
  1186 | D:2      | Gained mutation: Your magical capacity is low. (-10% MP) [potion of mutation]
  1186 | D:2      | Gained mutation: Your flesh is cold resistant. (rC+) [potion of mutation]
  1310 | D:2      | Found Zin's Purification Station.
  1313 | D:2      | Found a glowing silver altar of Zin.
  1323 | D:2      | Noticed Jessica
  1330 | D:2      | Killed from afar by Jessica

Vault maps used:
D:1:      nagdon_arrival_double_spiral
D:2:      lightli_temple_of_fire, zin_purify, uniq_sigmund, uniq_jessica,
          uniq_crazy_yiuf_cottage

Skill      XL: |  1  2 |
---------------+-------+-----
Dodging        | 3 |  3.1
Long Blades    | 3 |  3.2
Throwing       | 2 |  2.0
Fighting       | |  2.0

Action                   || total
-------------------------++-------
Melee: Long sword        ||    35
       Kick              ||     2
  Use: Scroll            ||     5
       Potion            ||     1
  Eat: Chunk             ||     1
Armor: Leather armour    ||     9
       Ring mail         ||     3
Dodge: Dodged            ||    30
       Rpst.: Long sword ||     9

Table legend:
 A = Spawn XP
 B = Non-spawn XP
 C = Spawn XP percentage of total XP
 D = Spawn monster count
 E = Non-spawn monster count
 F = Spawn count percentage of total count
 G = Total turns spent on level
                    A         B        C        D         E        F      G
               +---------+---------+-------+---------+---------+-------+---------
         Total |       0 |      35 |   0.0 |       0 |      17 |   0.0 |  1330
               +---------+---------+-------+---------+---------+-------+---------
           D:1 |       0 |      32 |   0.0 |       0 |      15 |   0.0 |  1163
           D:2 |       0 |       3 |   0.0 |       0 |       2 |   0.0 |   167
               +---------+---------+-------+---------+---------+-------+---------
